 Dungeon Crawl Stone Soup version 0.32-a0-931-g5a2cda0630 (webtiles) character file.

Game seed: 11624156320942657538

140740 Hsik the Deadly Accurate (level 17, -4/182 HPs)
             Began as an Oni Fighter on Apr 13, 2024.
             Was the Champion of Fedhas.
             Slain by a naga
             ... wielding a +0 battleaxe
              (38 damage)
             ... on level 4 of the Snake Pit.
             The game lasted 03:04:50 (30093 turns).

Hsik the Deadly Accurate (Oni Fighter)             Turns: 30093, Time: 03:04:53

Health: -4/182     AC: 14    Str: 32      XL:     17   Next: 31%
Magic:  35/36      EV:  0    Int:  1 (3)  God:    Fedhas [******]
Gold:   868        SH: 16    Dex: 13      Spells: 16/16 levels left

rFire   . . .        i - +4 demon trident (elec)
rCold   . . .        W - +1 tower shield {rN+}
rNeg    + . .        h - +2 troll leather armour
rPois   +            F - +2 hat
rElec   +            L - +0 cloak of Lightning Storm {-Cast rElec Dex+4}
rCorr   +            (gloves unavailable)
SInv    .            (boots unavailable)
Will    +....        R - amulet of faith
Stlth   +            t - +4 ring of protection
HPRegen 1.30/turn    S - ring "Etotsaargh" {rPois rCorr MP+9 Int-5}
MPRegen 0.25/turn

%: no spellcasting, clarity, faith
@: mighty, lethally poisoned (-4 -> -15), constricted
A: large, unfitting armour, horns 1, tough skin 1, double potion healing,
drunken brawling, hooves 1, clarity, deterioration 1, strong 1, subdued magic 1
a: Renounce Religion, Wall of Briars, Grow Ballistomycete, Overgrow, Grow Oklob


You were on level 4 of the Snake Pit.
You worshipped Fedhas.
Fedhas was exalted by your worship.
You visited 5 branches of the dungeon, and saw 27 of its levels.

You collected 3476 gold pieces.
You spent 2608 gold pieces at shops.

Inventory:

Hand Weapons
 i - a +4 demon trident of electrocution (weapon)
Missiles
 b - 27 large rocks
 v - 3 throwing nets
 B - 20 poisoned darts
 C - 20 boomerangs (quivered)
 G - 9 curare-tipped darts
 U - 4 javelins
Armour
 c - a +0 kite shield of positive energy
 h - a +2 troll leather armour (worn)
 F - a +2 hat (worn)
 L - the +0 cloak of Lightning Storm (worn) {-Cast rElec Dex+4}
   (You bought it in a shop on level 10 of the Dungeon)

   Dex+4:     It affects your dexterity (+4).
   rElec:     It insulates you from electricity.
   -Cast:     It prevents spellcasting.
 W - a +1 tower shield of positive energy (worn)
Jewellery
 n - a +5 ring of evasion
 t - a +4 ring of protection (left hand)
 y - a ring of positive energy
 z - a ring of see invisible
 O - a ring of positive energy
 R - an amulet of faith (around neck)
 S - the ring "Etotsaargh" (right hand) {rPois rCorr MP+9 Int-5}
   (You bought it in a shop on level 2 of the Orcish Mines)

   [ring of magical power]

   Int-5:     It affects your intelligence (-5).
   rPois:     It protects you from poison.
   MP+9:      It affects your magic capacity (+9).
   rCorr:     It protects you from acid and corrosion.
Talismans
 k - a granite talisman
Wands
 a - a wand of warping (13)
 l - a wand of mindburst (2)
 H - a wand of paralysis (6)
 I - a wand of polymorph (4)
 K - a wand of quicksilver (12)
 N - a wand of digging (8)
Scrolls
 g - 15 scrolls of teleportation
 j - 4 scrolls of fog
 r - a scroll of vulnerability
 A - 4 scrolls of silence
 E - 2 scrolls of blinking
 M - 10 scrolls of identify
 P - a scroll of brand weapon
 Q - 6 scrolls of revelation
 T - 4 scrolls of fear
 X - 3 scrolls of immolation
Potions
 d - 3 potions of might
 e - a potion of lignification
 f - a potion of berserk rage
 m - 5 potions of heal wounds
 o - a potion of mutation
 u - 4 potions of curing
 w - 4 potions of resistance
 x - 5 potions of invisibility
 D - 4 potions of enlightenment
 J - 4 potions of ambrosia
 V - a potion of magic
 Y - 3 potions of haste
Miscellaneous
 p - a box of beasts
 Z - a phantom mirror


   Skills:
 - Level 14.6 Fighting
 - Level 2.0 Maces & Flails
 - Level 14.0 Polearms
 - Level 16.0 Throwing
 - Level 7.1 Armour
 - Level 8.4 Dodging
 - Level 9.3 Shields
 - Level 14.1 Invocations
 * Level 6.3 Shapeshifting


You had 16 spell levels left.
You didn't know any spells.
Your spell library contained the following spells:

 Spells                   Type           Power      Damage    Failure   Level
 Kiss of Death            Conj/Necr      0%         2d5       89%         1
 Sandblast                Erth           0%         2d4       89%         1
 Ensorcelled Hibernation  Hex/Ice        0%         N/A       96%         2
 Jinxbite                 Hex            0%         N/A       96%         2
 Mercury Vapours          Alch/Air       0%         N/A       96%         2
 Static Discharge         Conj/Air       0%         3-3/arc   96%         2
 Confusing Touch          Hex            0%         N/A       99%         3
 Dazzling Flash           Conj/Hex       0%         N/A       99%         3
 Fugue of the Fallen      Necr           0%         N/A       99%         3
 Mephitic Cloud           Conj/Alch/Air  0%         N/A       99%         3
 Airstrike                Air            0%         2d(0-16)  100%        4
 Anguish                  Hex/Necr       0%         N/A       100%        4
 Dispel Undead            Necr           0%         3d6       100%        4
 Summon Lightning Spire   Summ/Air       0%         N/A       100%        4
 Curse of Agony           Necr           0%         N/A       100%        5
 Freezing Cloud           Conj/Ice/Air   0%         6-21      100%        5
 Irradiate                Conj/Alch      0%         3d11      100%        5
 Silence                  Hex/Air        0%         N/A       100%        5
 Yara's Violent Unravell  Hex/Alch       0%         3d3       100%        5
 Permafrost Eruption      Ice/Erth       0%         2x4d1     100%        6
 Enfeeble                 Hex            0%         N/A       100%        7
 Spellforged Servitor     Conj/Summ      0%         N/A       100%        7


Dungeon Overview and Level Annotations

Branches:
Dungeon (15/15)            Temple (1/1) D:6            Lair (5/5) D:11
 Shoals (0/4) Lair:2        Snake (4/4) Lair:3        Slime (0/5) Lair:4
    Orc (2/2) D:9             Elf (0/3) Orc:2        Vaults (0/5) D:13
 Depths (0/4) D:15

Altars:
Ashenzari
Cheibriados
Dithmenos
Elyvilon
Fedhas
Gozag
Hepliaklqana
Kikubaaqudgha
Makhleb
Nemelex Xobeh
Okawaru
Qazlal
Ru
Sif Muna
Trog
Uskayaw
Vehumet
Wu Jian
Xom
Yredelemnul
Zin
The Shining One
Beogh

Shops:
D:5 (   D:10 [   Orc:1 !([   Orc:2 [?=[

Annotations:
D:6 1 runed translucent door, Crazy Yiuf


Innate Abilities, Weirdness & Mutations

You are too large for most types of armour.
You have a pair of small horns on your head.
You have tough skin. (AC +1)
You gain doubled healing and magic from potions.
Whenever you drink a healing potion, you attack all around you.
You have large cloven feet.
You possess an exceptional clarity of mind.
Your body sometimes deteriorates upon taking damage.
Your muscles are strong. (Str +4, Int/Dex -1)
Your spells are a little easier to cast, but a little less powerful.


Message History

The guardian serpent coils itself and waves its upper body at you.
The naga warrior roars a battlecry!
The nagas go into a battle-frenzy!
You barely miss the naga mage. You kick the naga mage.
The naga mage is almost dead.
The guardian serpent coils itself and waves its upper body at you.
The black mamba blinks!
You block the guardian serpent's attack.
The naga mage spits poison at you.
The splash of poison hits you but does no damage.
You resist. The naga mage constricts you. You block the naga's attack.
You block the naga warrior's attack. The nagaraja hits you with a +0 club!!
The naga warrior hits you with a +4 dire flail!!
You closely miss the naga mage. You headbutt the naga mage.
You kill the naga mage!
Fedhas appreciates your contribution to the ecosystem.
The guardian serpent casts a spell at you.
You resist with almost no effort. The black mamba bites you.
The guardian serpent hits you! x2
The nagaraja spits poison at you. The splash of poison hits you.
You are poisoned.
You resist. You block the naga's attack. x2
You block the naga warrior's attack. x2; The black mamba completely misses you.
A ballistomycete spore comes into view.
You feel very mighty all of a sudden.
You feel extremely sick.
The guardian serpent coils itself and waves its upper body at you.
You resist with almost no effort.
The naga warrior hits you with a +4 dire flail!
The naga warrior grabs you. The naga warrior constricts you.
You block the black mamba's attack.
You block the guardian serpent's attack.
The guardian serpent casts a spell at you.
The guardian serpent blinks!
The nagaraja hits you with a +0 club!!
* * * LOW HITPOINT WARNING * * *
Your body deteriorates!
You feel dopey.
The naga hits you with a +0 battleaxe!!!
You die...
Fedhas appreciates your contribution to the ecosystem.

.. . .... ..
.#.#. . .
.###...###..
..##..[......##
##.............
...............
......NSN......
.....)S@N<.....
.....*SNS......
.....P...§...$.
...§..*........
......)........
#..............
.##...........#
####.....####


You could see a nagaraja (strong), 2 naga warriors, 3 guardian serpents, a black
mamba, a naga (strong), a friendly ballistomycete (summoned) and 2 friendly
ballistomycete spores.

Vanquished Creatures
  Gastronok (D:8)
  Kirke (D:14)
  Aizul (Snake:1)
  Roxanne (Snake:2)
  A nagaraja (Snake:4)
  A fire giant (D:13)
  Nessos (D:15)
  Erolcha (Orc:2)
  A rakshasa (D:14)
  6 hydras
  3 ogre magi
  A catoblepas (Lair:5)
  A centaur warrior (D:15)
  6 anacondas
  A deep troll shaman (Lair:5)
  8 death yaks (Lair:5)
  A deep troll earth mage (D:15)
  5 two-headed ogres
  2 tengu warriors (D:15)
  6 boulder beetles
  7 naga sharpshooters
  An occultist (D:15)
  8 naga warriors
  2 shock serpents
  An orc high priest (Orc:2)
  Sonja (Lair:2)
  Amaemon (Lair:3)
  A salamander mystic (Snake:3)
  4 skeletal warriors (D:13)
  A skyshark (Lair:3)
  3 mana vipers
  5 naga ritualists
  A sea snake (Snake:1)
  An obsidian bat (Orc:2)
  A harpy (shapeshifter) (D:13)
  8 orc knights
  A manticore (Lair:2)
  7 orc sorcerers (Orc:2)
  5 cyclopes
  7 salamanders
  23 ugly things
  A meliai (D:14)
  4 guardian serpents
  4 kobold blastminers
  18 elephants
  26 black mambas
  An orange demon (Lair:3)
  8 naga magi
  A torpor snail (Lair:5)
  2 gargoyles
  14 cane toads
  6 rime drakes
  A yaktaur (D:15)
  7 komodo dragons
  A tengu conjurer (D:15)
  2 polar bears
  11 trolls
  12 blink frogs
  A hornet (D:8)
  A queen bee (D:10)
  A wind drake (Lair:2)
  4 dream sheep (Lair:4)
  7 slime creatures (D:14)
  2 centaur simulacra (D:15)
  A human (D:14)
  A wyvern (D:9)
  3 shadows
  54 yaks
  2 wargs
  A hog (D:14)
  A steam dragon (D:9)
  Grum (D:8)
  5 basilisks
  26 nagas
  11 vampire mosquitoes
  3 acid dragons
  10 water moccasins
  27 orc warriors
  4 black bears
  A meliai simulacrum (D:15)
  A sky beast (D:7)
  12 ogres
  2 ice beasts
  11 wolves
  7 centaurs
  2 tengu (shapeshifter)
  4 kobold brigands
  15 bullfrogs
  A gnoll sergeant (D:9)
  4 scorpions
  15 wights
  22 killer bees (D:10)
  8 howler monkeys
  6 electric eels
  2 bombardier beetles
  3 jellies
  5 hounds
  17 orc priests
  A gnoll bouda (D:5)
  4 iguanas
  28 orc wizards
  6 hell rats (Lair:4)
  3 gnolls (D:5)
  4 adders
  A shadow imp (D:5)
  4 white imps
  2 ufetubi (D:6)
  3 ribbon worms (D:2)
  6 dart slugs
  65 orcs
  5 bats
  5 endoplasms
  2 giant cockroaches
  8 goblins
  5 hobgoblins
  17 kobolds
  A quokka (D:1)
  7 ball pythons
  4 frilled lizards
  5 rats
  4 ballistomycete spores
751 creatures vanquished.

Vanquished Creatures (collateral kills)
  A hydra (D:14)
  A death yak (Lair:5)
  A shock serpent (Snake:3)
  A skeletal warrior (D:13)
  2 meliai (D:14)
  2 ugly things (D:14)
  3 elephants
  A tengu conjurer (D:14)
  A blink frog (Lair:3)
  A dream sheep (Lair:4)
  A wyvern (Lair:4)
  7 yaks
  A naga (Lair:3)
  A bullfrog (Lair:2)
  A hell rat (Lair:4)
  127 ballistomycete spores
152 creatures vanquished.

Vanquished Creatures (others)
  An elephant (Lair:4)
  3 yaks
  An orc wizard (Orc:2)
  7 ballistomycete spores
12 creatures vanquished.

Grand Total: 915 creatures vanquished

Notes
Turn   | Place    | Note
-------+----------+-------------------------------------------
     0 | D:1      | Hsik the Oni Fighter began the quest for the Orb.
     0 | D:1      | Reached XP level 1. HP: 24/24 MP: 1/1
   294 | D:1      | Reached XP level 2. HP: 33/33 MP: 2/2
   690 | D:2      | Reached XP level 3. HP: 11/41 MP: 3/3
  1080 | D:2      | Reached skill level 5 in Fighting
  1188 | D:2      | Reached skill level 1 in Shapeshifting
  1752 | D:3      | Identified the +1 war axe of Friendship {flame, Fly Int+3}
  1837 | D:3      | Reached XP level 4. HP: 48/50 MP: 4/4
  1891 | D:3      | Found a blossoming altar of Fedhas.
  2601 | D:4      | Identified a scroll of acquirement
  2601 | D:4      | Acquired a +2 demon trident of electrocution
  2618 | D:4      | Reached XP level 5. HP: 56/57 MP: 5/5
  2620 | D:4      | Reached skill level 1 in Polearms
  2803 | D:3      | Became a worshipper of Fedhas Madash
  3066 | D:4      | Noticed a water moccasin
  3086 | D:4      | Killed a water moccasin
  3087 | D:4      | Reached skill level 1 in Invocations
  3087 | D:4      | Reached XP level 6. HP: 22/67 MP: 5/7
  3292 | D:5      | Entered Level 5 of the Dungeon
  3478 | D:5      | Reached XP level 7. HP: 72/75 MP: 9/9
  3479 | D:5      | Reached * piety under Fedhas
  3978 | D:5      | Found an opulent altar of Gozag.
  4006 | D:5      | You fall into a shaft and drop 3 floors!
  4123 | D:6      | Reached XP level 8. HP: 58/84 MP: 11/11
  4266 | D:6      | Gained mutation: You are strong-willed. (Will+) [potion of
                  | mutation]
  4266 | D:6      | Gained mutation: Your mind is acute. (Int +4, Str/Dex -1)
                  | [potion of mutation]
  4279 | D:6      | Found a runed translucent door.
  4280 | D:6      | Noticed Crazy Yiuf
  4297 | D:6      | Noticed a yak
  4297 | D:6      | Noticed a yak
  4335 | D:5      | Reached skill level 5 in Invocations
  4380 | D:5      | Found Elaoghu's Antique Weapon Emporium.
  4765 | D:5      | Found a shadowy altar of Dithmenos.
  5027 | D:6      | Noticed a yak
  5028 | D:6      | Noticed a yak
  5029 | D:6      | Killed a yak
  5030 | D:6      | Reached skill level 5 in Polearms
  5032 | D:6      | Noticed a yak
  5037 | D:6      | Killed a yak
  5043 | D:6      | Killed a yak
  5044 | D:6      | Reached skill level 5 in Shields
  5047 | D:6      | Killed a yak
  5048 | D:6      | Reached XP level 9. HP: 54/93 MP: 12/14
  5261 | D:6      | Found a staircase to the Ecumenical Temple.
  5273 | D:6      | Reached ** piety under Fedhas
  5289 | Temple   | Entered the Ecumenical Temple
  5357 | D:6      | Found a sparkling altar of Nemelex Xobeh.
  5624 | D:6      | Noticed a troll
  5633 | D:6      | Killed a troll
  6522 | D:7      | Reached XP level 10. HP: 106/106 MP: 16/16
  6872 | D:8      | Reached *** piety under Fedhas
  6959 | D:8      | Noticed Gastronok
  6980 | D:8      | Killed Gastronok
  6981 | D:8      | Reached skill level 10 in Invocations
  7189 | D:8      | Lost mutation: Your mind is acute. (Int +4, Str/Dex -1)
                  | [potion of mutation]
  7189 | D:8      | Lost mutation: You are strong-willed. (Will+) [potion of
                  | mutation]
  7189 | D:8      | Gained mutation: Armour fits poorly on your strangely
                  | shaped body. [potion of mutation]
  7189 | D:8      | Gained mutation: You are robust. (+10% HP) [potion of
                  | mutation]
  7190 | D:8      | Lost mutation: Armour fits poorly on your strangely shaped
                  | body. [potion of mutation]
  7190 | D:8      | Lost mutation: You are robust. (+10% HP) [potion of
                  | mutation]
  7190 | D:8      | Gained mutation: You are partially covered in iridescent
                  | scales. (AC +2) [potion of mutation]
  7190 | D:8      | Gained mutation: Your magical capacity is low. (-10% MP)
                  | [potion of mutation]
  7190 | D:8      | Gained mutation: You have a somewhat thin skeletal
                  | structure. (Dex +2, Stealth+) [potion of mutation]
  7190 | D:8      | Gained mutation: You are covered in fur. (AC +1) [potion of
                  | mutation]
  7257 | D:8      | Found a white marble altar of Elyvilon.
  7291 | D:8      | Noticed Grum
  7305 | D:8      | Killed Grum
  7377 | D:8      | Found a glowing silver altar of Zin.
  7645 | D:9      | Found a roughly hewn altar of Beogh.
  7645 | D:9      | Found a staircase to the Orcish Mines.
  7648 | D:9      | Identified the +1 scale mail of the Lost Artisans {Rampage
                  | rCorr Str-3 Dex-4}
  7716 | D:9      | Reached **** piety under Fedhas
  7740 | D:9      | Reached XP level 11. HP: 117/117 MP: 17/17
  7797 | D:9      | Noticed a two-headed ogre
  7803 | D:9      | Killed a two-headed ogre
  7804 | D:9      | Reached skill level 10 in Fighting
  7934 | D:9      | Found a basalt altar of Yredelemnul.
  7944 | D:9      | Found an iron altar of Okawaru.
  8018 | D:9      | Noticed a two-headed ogre
  8022 | D:9      | Killed a two-headed ogre
  8212 | D:9      | Reached ***** piety under Fedhas
  8287 | D:9      | Reached skill level 10 in Polearms
  8700 | D:9      | Acquired 567 gold pieces
  8754 | D:10     | Entered Level 10 of the Dungeon
  8911 | D:10     | Found a radiant altar of Vehumet.
  8946 | D:10     | Identified the +1 leather armour of the Indestructible God
                  | {Rampage rF+ Regen+ Int+2}
  8980 | D:10     | Reached skill level 1 in Throwing
  9018 | D:10     | Reached skill level 2 in Throwing
  9070 | D:10     | Reached skill level 3 in Throwing
  9168 | D:10     | Found a broken altar of Ashenzari.
  9203 | D:10     | Reached skill level 4 in Throwing
  9530 | D:10     | Found Alijud's Antique Armour Emporium.
  9535 | D:10     | Bought a faintly humming cloak for 313 gold pieces
  9535 | D:10     | Identified the +0 cloak of Lightning Storm {-Cast rElec
                  | Dex+4} (You bought it in a shop on level 10 of the Dungeon)
  9694 | D:11     | Reached skill level 5 in Throwing
  9857 | D:11     | Found a staircase to the Lair.
  9866 | D:11     | Reached skill level 6 in Throwing
  9886 | Lair:1   | Entered Level 1 of the Lair of Beasts
  9905 | Lair:1   | Reached XP level 12. HP: 127/127 MP: 18/18
 10061 | Lair:1   | Reached skill level 7 in Throwing
 10439 | Lair:1   | Reached skill level 8 in Throwing
 11095 | Lair:2   | Reached skill level 9 in Throwing
 11135 | Lair:2   | Noticed a four-headed hydra
 11147 | Lair:2   | Killed a four-headed hydra
 11303 | Lair:2   | Noticed Sonja
 11314 | Lair:2   | Killed Sonja
 11459 | Lair:2   | Noticed a six-headed hydra
 11469 | Lair:2   | Killed a six-headed hydra
 11690 | Lair:2   | Found a staircase to the Shoals.
 12125 | Lair:3   | Noticed Amaemon
 12135 | Lair:3   | Killed Amaemon
 12332 | Lair:3   | Reached XP level 13. HP: 111/137 MP: 20/20
 12363 | Lair:3   | Found a staircase to the Snake Pit.
 12548 | Lair:3   | Reached skill level 10 in Throwing
 13512 | Lair:4   | Got Cig Ysk's Essays on the Telluric Volley
 13719 | Lair:4   | Found a staircase to the Slime Pits.
 14166 | Lair:5   | Entered Level 5 of the Lair of Beasts
 14247 | Lair:5   | Identified the +2 robe of Agnosticism {Harm Will+ Int-5
                  | Archmagi}
 14278 | Lair:5   | Lost mutation: You are covered in fur. (AC +1) [potion of
                  | mutation]
 14278 | Lair:5   | Lost mutation: You have a somewhat thin skeletal structure.
                  | (Dex +2, Stealth+) [potion of mutation]
 14278 | Lair:5   | Lost mutation: You are partially covered in iridescent
                  | scales. (AC +2) [potion of mutation]
 14278 | Lair:5   | Gained mutation: Your body sometimes deteriorates upon
                  | taking damage. [potion of mutation]
 14278 | Lair:5   | Gained mutation: Your spells are a little easier to cast,
                  | but a little less powerful. [potion of mutation]
 14278 | Lair:5   | Gained mutation: You have very sharp teeth. [potion of
                  | mutation]
 14278 | Lair:5   | Gained mutation: You have large cloven feet. [potion of
                  | mutation]
 14279 | Lair:5   | Lost mutation: You have very sharp teeth. [potion of
                  | mutation]
 14279 | Lair:5   | Lost mutation: Your body sometimes deteriorates upon taking
                  | damage. [potion of mutation]
 14279 | Lair:5   | Lost mutation: Your magical capacity is low. (-10% MP)
                  | [potion of mutation]
 14279 | Lair:5   | Gained mutation: Your body sometimes deteriorates upon
                  | taking damage. [potion of mutation]
 14279 | Lair:5   | Gained mutation: You possess an exceptional clarity of
                  | mind. [potion of mutation]
 14279 | Lair:5   | Gained mutation: Your muscles are strong. (Str +4, Int/Dex
                  | -1) [potion of mutation]
 14313 | Lair:5   | Reached skill level 1 in Armour
 14341 | Lair:5   | Reached skill level 5 in Dodging
 14341 | Lair:5   | Reached XP level 14. HP: 149/149 MP: 17/23
 15421 | Lair:5   | Reached skill level 5 in Armour
 15439 | Lair:5   | Reached ****** piety under Fedhas
 16108 | Orc:1    | Entered Level 1 of the Orcish Mines
 16158 | Orc:1    | You fall into a shaft and drop 1 floor!
 16158 | Orc:2    | Entered Level 2 of the Orcish Mines
 17145 | Orc:2    | Found a staircase to the Elven Halls.
 17334 | Orc:2    | Found Koefokli's Magic Scroll Boutique.
 17576 | Orc:2    | Found an ancient bone altar of Kikubaaqudgha.
 17577 | Orc:2    | Paralysed by an orc sorcerer for 5 turns
 17813 | Orc:2    | Found Ottegount's Antique Armour Shop.
 17833 | Orc:2    | Found a radiant altar of Vehumet.
 17834 | Orc:2    | Noticed Erolcha
 17848 | Orc:2    | Killed Erolcha
 18177 | Orc:2    | Paralysed by an orc sorcerer for 4 turns
 18223 | Orc:2    | Reached XP level 15. HP: 148/150 MP: 24/24
 18235 | Orc:2    | Found a roughly hewn altar of Beogh.
 18235 | Orc:2    | Found Syxickiz's Antique Armour Shop.
 18255 | Orc:2    | Paralysed by something for 2 turns
 18300 | Orc:2    | Found Ujoukes's Jewellery Shop.
 18383 | Orc:2    | Bought a twisted robe for 159 gold pieces
 18383 | Orc:2    | Identified the +0 robe of Verdant Birdsong {Harm Stlth+}
                  | (You bought it in a shop on level 2 of the Orcish Mines)
 18415 | Orc:2    | Bought the +3 robe of Clouds {*Thunder rCloud rElec} for
                  | 920 gold pieces
 18415 | Orc:2    | Found the +3 robe of Clouds {*Thunder rCloud rElec}
 18473 | Orc:2    | Bought a scroll of teleportation for 42 gold pieces
 18473 | Orc:2    | Bought a scroll of teleportation for 42 gold pieces
 18473 | Orc:2    | Bought a scroll of teleportation for 42 gold pieces
 18473 | Orc:2    | Bought a scroll of teleportation for 42 gold pieces
 18819 | Orc:1    | Found a roughly hewn altar of Beogh.
 18881 | Orc:1    | Found Webiune's Antique Weapon Boutique.
 18949 | Orc:1    | Reached skill level 11 in Throwing
 19140 | Orc:1    | Found Nyleupra's Distillery.
 19292 | Orc:1    | Found Huyve's Antique Armour Shoppe.
 19301 | Orc:1    | Bought a glowing scarf for 152 gold pieces
 19588 | Orc:1    | Bought a potion of haste for 160 gold pieces
 19588 | Orc:1    | Bought a potion of curing for 48 gold pieces
 19588 | Orc:1    | Bought a potion of haste for 160 gold pieces
 19588 | Orc:1    | Bought a potion of haste for 160 gold pieces
 21251 | D:13     | Identified the +2 robe of Zoohiesi {Harm rN+ Int-5 Dex+2}
 22083 | D:13     | Found a gate to the Vaults.
 22083 | D:13     | Noticed a fire giant
 22092 | D:13     | Killed a fire giant
 23096 | D:14     | Noticed Kirke
 23103 | D:14     | Killed Kirke
 23360 | D:14     | Reached skill level 12 in Throwing
 23361 | D:14     | Reached XP level 16. HP: 93/174 MP: 19/26
 23665 | D:14     | Found an iron altar of Okawaru.
 23861 | D:15     | Entered Level 15 of the Dungeon
 24235 | D:15     | Acquired 471 gold pieces
 25013 | D:15     | Noticed Nessos
 25034 | D:15     | Killed Nessos
 25052 | D:15     | Reached skill level 13 in Throwing
 25306 | D:15     | Found a staircase to the Depths.
 25683 | Orc:2    | Bought the ring "Etotsaargh" {rPois rCorr MP+9 Int-5} for
                  | 368 gold pieces
 25889 | Snake:1  | Entered Level 1 of the Snake Pit
 26017 | Snake:1  | Identified the serpent talisman of Ashenzari's Grace
                  | {*Corrode Dex+8}
 26017 | Snake:1  | Noticed Aizul
 26032 | Snake:1  | Killed Aizul
 26033 | Snake:1  | Reached skill level 14 in Throwing
 27282 | Snake:2  | Reached skill level 15 in Throwing
 28074 | Snake:2  | Noticed Roxanne
 28081 | Snake:2  | Killed Roxanne
 28494 | Snake:3  | Reached XP level 17. HP: 122/182 MP: 27/27
 29027 | Snake:3  | Reached skill level 16 in Throwing
 29506 | Snake:3  | Reached skill level 5 in Shapeshifting
 30075 | Snake:4  | Entered Level 4 of the Snake Pit
 30093 | Snake:4  | Slain by a naga

Illustrated notes

Levels and vault maps discovered:
D:1:      lordsloth_arrival_two_stooges, layout_basic
D:2:      wander_river, layout_loops_ring
D:3:      layout_loops_corners, overflow_temple_1_default
D:4:      layout_rooms
D:5:      minmay_bubble_buster, layout_loops_ring,
          nicolae_gozag_cash_rules_everything_around_me,
          mainiacjoe_overflow_alcove_4, serial_shops, shop, minivault_5
D:6:      layout_basic, mainiacjoe_overflow_concentric_impassable,
          minmay_temple_entry_junction, minmay_strange_pillars,
          nicolae_twisty_statue_hallways, uniq_crazy_yiuf_cottage
D:7:      layout_cave_pools, serial_bayou_pond_b
D:8:      layout_loops_ring, kennysheep_mini_moat,
          nicolae_elyvilon_peaceful_grove, uniq_gastronok, uniq_grum
D:9:      minmay_razor_zed, layout_basic, mainiacjoe_overflow_catwalk_spiral,
          david_orc_5, minivault_1
D:10:     layout_basic, vehumet_crystals, ashenzari_conservatory_becter,
          serial_shops, shop, minivault_7
D:11:     layout_loops_ring, lair_entry_dummy, kennysheep_small_circle
D:12:     layout_basic
D:13:     layout_basic, hellmonk_vaults_attempted_burglary
D:14:     layout_roguey, hellmonk_okawaru_the_only_friend_you_need, uniq_kirke
D:15:     hellmonk_depths_entry_around_the_bend, layout_loops_corners,
          roderic_lattice_a, gauntlet_entry_generic, dreamdust_wishing_well,
          nicolae_eternal_life, lemuel_flamethrower_3, uniq_nessos
Temple:   nicolae_temple_slightly_damp_pantheon
Lair:1:   layout_hall_layers, grunt_megastairs_3
Lair:2:   layout_gridlike, minmay_shoals_entry_beasts, uniq_sonja
Lair:3:   layout_regular_city, nicolae_snake_entry_squirm, uniq_amaemon
Lair:4:   layout_layer_cave, dpeg_slime_entry_enclosed, serial_bayou_lagoon_b
Lair:5:   grunt_lair_end_beastmaster, layout_cave_shapes
Snake:1:  layout_onion, guppyfry_snake_island, nicolae_triple_integral,
          uniq_aizul
Snake:2:  layout_rooms, grunt_ministairs_9, uniq_roxanne
Snake:3:  layout_cave_town
Snake:4:  snake_hunt, layout_gridlike, serial_bayou_pond_e, grunt_megastairs_2,
          uniq_bai_suzhen
Orc:1:    layout_caves, special_room [special_room_orc], portal_ice_cave_rime,
          serial_shops, shop, nicolae_lakefront_shop, shop, mines1_david
Orc:2:    kennysheep_orc_mage_school, layout_diamond_mine

Skill      XL: |  1  2  3  4  5  6  7  8  9 10 11 12 13 14 15 16 17 |
---------------+----------------------------------------------------+-----
Shields        | 3 4 5 6 7 8 9 |  9.3
Fighting       | 5 6 7 8 9 10 11 12 14 | 14.6
Shapeshifting  | 1 2 6 |  6.3
Polearms       | 2 3 4 5 7 9 10 14 | 14.0
Invocations    | 1 3 4 6 8 10 11 12 13 14 | 14.1
Throwing       | 6 9 10 12 15 16 | 16.0
Dodging        | 3 5 7 8 |  8.4
Armour         | 2 5 7 |  7.1
Maces & Flails | |  2.0

Action                     |  1- 3 |  4- 6 |  7- 9 | 10-12 | 13-15 | 16-18 || total
---------------------------+-------+-------+-------+-------+-------+-------++-------
  Melee: Flail             |   113 |    27 |       |       |       |       ||   140
         Headbutt          |    15 |    11 |    28 |   110 |   156 |    64 ||   384
         Demon trident     |       |    50 |   199 |   600 |   768 |   464 ||  2081
         Kick              |       |       |       |       |   173 |   103 ||   276
  Throw: Dart              |       |     7 |     8 |    17 |     6 |     4 ||    42
         Boomerang         |       |       |       |     6 |    80 |    67 ||   153
         Large rock        |       |       |       |       |    10 |    12 ||    22
 Invoke: Grow Ballistomyce |       |       |       |     5 |    20 |    10 ||    35
         Wall of Briars    |       |       |       |     1 |     1 |       ||     2
         Grow Oklob        |       |       |       |       |     3 |     2 ||     5
Ability: Begin Untransform |       |     1 |       |       |       |       ||     1
    Use: Potion            |     1 |     1 |     2 |     3 |     4 |     4 ||    15
         Scroll            |       |    10 |     6 |     8 |     7 |     3 ||    34
   Stab: Sleeping          |       |     1 |       |     5 |     3 |       ||     9
         Confused          |       |       |       |     1 |     7 |     7 ||    15
         Distracted        |       |       |       |       |     1 |       ||     1
         Petrified         |       |       |       |       |     1 |       ||     1
 Armour: Robe              |    65 |    38 |    88 |       |   103 |     8 ||   302
         Skin              |     3 |       |       |       |       |     1 ||     4
         Troll leather arm |       |       |    20 |   252 |   171 |   271 ||   714
  Dodge: Dodged            |    40 |    42 |   114 |   245 |   235 |    97 ||   773
  Block: Kite shield       |    64 |    27 |    87 |   189 |   174 |    98 ||   639
         Tower shield      |       |       |       |       |       |   110 ||   110
   Form: Beast             |     1 |       |       |       |       |       ||     1

Table legend: (Time is in decaauts)
 A = Elapsed time spent in this place.
 B = Non-inter-level travel time spent in this place.
 C = Inter-level travel time spent in this place.
 D = Time resting spent in this place.
 E = Time spent auto-exploring this place.
 F = Levels seen in this place.
 G = Mean time per level.
                   A        B        C        D        E       F      G
               +--------+--------+--------+--------+--------+-----+--------+
         Total |  29767 |  27402 |   2365 |   7036 |  15617 |  27 | 1102.5 |
       Dungeon |  15938 |  14577 |   1361 |   2347 |   9614 |  15 | 1062.5 |
        Temple |     53 |     53 |      0 |      0 |     52 |   1 |   53.0 |
          Lair |   6026 |   5702 |    324 |   1691 |   3009 |   5 | 1205.2 |
     Snake Pit |   4088 |   3828 |    260 |   1507 |   1677 |   4 | 1022.0 |
  Orcish Mines |   3659 |   3240 |    419 |   1490 |   1264 |   2 | 1829.5 |
               +--------+--------+--------+--------+--------+-----+--------+

Top non-repeatable levels by time:
   Orc:2: 2505 daAuts
  Lair:5: 1653 daAuts
 Snake:3: 1600 daAuts
     D:5: 1585 daAuts
    D:15: 1559 daAuts
    D:14: 1415 daAuts
    D:13: 1414 daAuts
     D:6: 1377 daAuts
 Snake:1: 1300 daAuts
  Lair:1: 1210 daAuts
     D:9: 1196 daAuts
 Snake:2: 1173 daAuts
   Orc:1: 1154 daAuts
  Lair:4: 1143 daAuts
     D:3: 1114 daAuts
